 Dungeon Crawl Stone Soup version 0.20-a0-553-g9f38e11 (webtiles) character file.

2143 drasked the Conjurer (level 9, 0/39 HPs)
             Began as a Spriggan Wizard on Feb 3, 2017.
             Was a Believer of Vehumet.
             Succumbed to a killer bee's poison
             ... on level 7 of the Dungeon.
             The game lasted 00:54:14 (9724 turns).

drasked the Conjurer (Spriggan Wizard)              Turns: 9724, Time: 00:54:15

Health: 0/39       AC:  2    Str:  3    XL:     9   Next: 9%
Magic:  9/20       EV: 18    Int: 28    God:    Vehumet [**....]
Gold:   302        SH:  0    Dex: 14    Spells: 10/22 levels left

rFire    . . .     SeeInvis +   E - +2 whip of Courage {flame, Int+5} (curse)
rCold    . . .     Gourm    .   a - +0 robe
rNeg     . . .     Faith    .   (shield restricted)
rPois    .         Spirit   .   b - +0 hat
rElec    .         Reflect  .   (no cloak)
rCorr    .         Harm     .   (gloves unavailable)
MR       +....                  (boots unavailable)
Stlth    ++........             (no amulet)
Regen    0.2/turn               (no ring)
                                (no ring)

@: lethally poisoned (0 -> -20), repel missiles, very quick
A: unfitting armour, see invisible, herbivore 3, speed 3, slow metabolism 2
a: Renounce Religion


You were on level 7 of the Dungeon.
You worshipped Vehumet.
Vehumet was pleased with you.
You were not hungry.

You visited 2 branches of the dungeon, and saw 8 of its levels.
You also visited: Sewer.

You collected 302 gold pieces.

Inventory:

Hand Weapons
 h - a +0 dagger
   (You took it off a goblin on level 1 of the Dungeon)
 E - the cursed +2 whip of Courage (weapon) {flame, Int+5}
   (You found it on level 6 of the Dungeon)

   It has been specially enchanted to burn those struck by it, causing extra
   injury to most foes and up to half again as much damage against particularly
   susceptible opponents.
   It affects your intelligence (+5).
   It has a curse placed upon it.
Missiles
 q - a throwing net {=f, !d}
Armour
 a - a +0 robe (worn)
 b - a +0 hat (worn)
 j - a +0 cloak
   (You found it on level 1 of the Dungeon)
Magical Staves
 D - an uncursed staff of energy {unknown}
   (You found it on level 6 of the Dungeon)
Jewellery
 m - a +3 ring of intelligence {unknown}
   (You found it on level 2 of the Dungeon)
 F - a cursed -2 ring of intelligence {unknown}
   (You took it off a crimson imp on level 6 of the Dungeon)
Wands
 s - a wand of lightning (5/15)
   (You found it on level 3 of the Dungeon)
 G - a wand of paralysis (6/24)
   (You found it on level 7 of the Dungeon)
Scrolls
 e - 4 scrolls of teleportation {unknown}
 f - 6 scrolls of identify {unknown}
 i - 2 scrolls of blinking {unknown}
 k - 5 scrolls of remove curse {unknown}
 n - a scroll of random uselessness {unknown}
 r - a scroll of noise {unknown}
 t - 2 scrolls of recharging {unknown}
 y - a scroll of fear {unknown}
 C - a scroll of amnesia {unknown}
Potions
 g - 2 potions of haste {unknown}
 l - 2 potions of agility {unknown}
 o - 2 potions of ambrosia {unknown}
 p - a potion of cure mutation {unknown}
 v - a potion of curing {unknown}
 w - a potion of brilliance {unknown}
 x - a potion of cancellation {unknown}
 z - a potion of flight {unknown}
 A - a potion of degeneration {unknown}
 B - a potion of heal wounds {unknown}
Books
 c - a book of Minor Magic
Comestibles
 d - 5 bread rations {@e1}
 u - a royal jelly


   Skills:
 - Level 3.0 Dodging
 - Level 3.0 Stealth
 - Level 7.0 Spellcasting
 + Level 7.6 Conjurations
 - Level 3.0 Summonings
 - Level 1.5 Translocations
 - Level 1.3 Air Magic
 - Level 1.7 Poison Magic


You had 10 spell levels left.
You knew the following spells:

 Your Spells              Type           Power        Failure   Level  Hunger
a - Magic Dart            Conj           ####         1%          1    None
b - Blink                 Tloc           N/A          6%          2    None
c - Call Imp              Summ           ####....     2%          2    None
d - Repel Missiles        Chrm/Air       ##....       10%         2    None
e - Throw Flame           Conj/Fire      ####..       1%          2    None
x - Mephitic Cloud        Conj/Pois/Air  ####....     4%          3    None


Dungeon Overview and Level Annotations

Branches:
Dungeon (7/15)             Temple (1/1) D:4

Altars:
Ashenzari
Dithmenos
Elyvilon
Gozag
Hepliaklqana
Kikubaaqudgha
Nemelex Xobeh
Okawaru
Qazlal
Ru
Sif Muna
Trog
Uskayaw
Vehumet
Xom
Yredelemnul
Zin

Annotations:
D:5 exclusion: Blork the orc, Menkaure


Innate Abilities, Weirdness & Mutations

You are very small and have problems with some larger weapons.
You are too small for most types of armour.
You have supernaturally acute eyesight. (SInv)
You are a herbivore.
You cover ground extremely quickly.
You need consume almost no food.


Message History

You feel sick.
You feel sick.
You feel sick.
You feel sick.
Things that are here:
a robe; a dagger You feel sick.
You feel sick.
You feel sick.
You are no longer poisoned.
There is a stone staircase leading down here.
You take 5 damage, and have 30/39 hp.
MP restored: 20 You climb downwards.
There is a stone staircase leading up here.
Things that are here:
15 arrows; a shortbow
Things that are here:
15 arrows; a shortbow
There is a stone staircase leading up here.
You start resting.
Memorise Throw Flame, consuming 2 spell levels and leaving 10?
Vehumet grants you knowledge of Throw Flame.
You start memorising the spell.
You continue memorising. x2
You finish memorising.
Spell assigned to 'e'.
Unknown command.
Aim: an ice beast (hasn't noticed you)
The puff of flame hits the ice beast.
The ice beast melts!
You now have 18/20 mp.
Aim: an ice beast (heavily wounded)
The puff of flame hits the ice beast.
The ice beast melts!
You now have 16/20 mp.
Aim: an ice beast (severely wounded)
The puff of flame hits the ice beast.
The ice beast melts!
You kill the ice beast!
Vehumet accepts your kill.
You now have 14/20 mp.
You regained 3 hp, and now have 36/39 hp.
You regained 5 mp, and now have 19/20 mp.
Aim: a killer bee (hasn't noticed you)
The puff of flame misses the killer bee.
The killer bee buzzes angrily.
You now have 17/20 mp.
Aim: a killer bee The puff of flame misses the killer bee.
You now have 15/20 mp.
Aim: a killer bee The puff of flame misses the killer bee.
The killer bee completely misses you.
You now have 13/20 mp.
Aim: a killer bee The puff of flame misses the killer bee.
The killer bee stings you.
You are poisoned.
The killer bee poisons you! The killer bee stings you!
You are more poisoned.
The killer bee poisons you!
You take 11 damage, and have 26/39 hp.
MASSIVE DAMAGE!!
You now have 11/20 mp.
A shadowy apparition takes form in the air.
You feel sick. The killer bee stings you!
You are lethally poisoned!
The killer bee poisons you! The killer bee misses you.
You take 9 damage, and have 17/39 hp.
MASSIVE DAMAGE!!
You now have 9/20 mp.
There is a stone staircase leading up here.
You feel sick. The killer bee stings you.
* * * LOW HITPOINT WARNING * * *
The killer bee misses you.
You climb upwards.
* * * LOW HITPOINT WARNING * * *
You feel sick.
There is a stone staircase leading down here.
You take 9 damage, and have 8/39 hp.
MASSIVE DAMAGE!!
* * * LOW HITPOINT WARNING * * *
You feel sick.
The killer bee stings you but does no damage.
The killer bee closely misses you.
You climb downwards.
* * * LOW HITPOINT WARNING * * *
You feel sick.
Your shadow imp disappears in a puff of smoke!
There is a stone staircase leading up here.
You take 3 damage, and have 5/39 hp.
Aim: a killer bee
Okay, then.
Aim: a killer bee The magic dart hits the killer bee.
* * * LOW HITPOINT WARNING * * *
You feel sick. The killer bee misses you. The killer bee stings you.
* * * LOW HITPOINT WARNING * * *
You are more poisoned.
The killer bee poisons you!
You take 3 damage, and have 2/39 hp.
Aim: a killer bee (heavily wounded)
The magic dart hits the killer bee.
You die...

#...##.#.##.##.####
#.....###..........
#.#.##.#.##.##..###
#...###.###.##..#
#..## #.# #.##..#
#..# #.###.##..#
#.ยง####.##...#..#
#..y.......#.#..#
##@#######...#..###
#(# #########.....
#.# #..Y.y....###.
#.###.######### #.
#.....# #. #.##..#
#. #.....##..# #5
#.######..# #.
#...# #.


You could see a killer bee.

Vanquished Creatures
  Grinder (D:5)
  Purgy (Sewer)
  An orc warrior (D:7)
  An ice beast (D:7)
  2 phantoms
  A centaur (D:7)
  A bullfrog (D:6)
  A scorpion (D:4)
  2 howler monkeys
  5 crimson imps
  A quasit (D:5)
  A hound (D:6)
  4 orc priests
  3 orc wizards
  An iguana (D:5)
  A gnoll (D:1)
  6 adders
  2 shadow imps
  2 oozes
  3 adder skeletons
  A dart slug (D:1)
  14 leopard geckos
  16 orcs
  2 bats
  8 giant cockroaches
  11 goblins
  5 hobgoblins
  A quokka (D:3)
  9 frilled lizards
  6 kobolds
  6 rats
119 creatures vanquished.

Vanquished Creatures (collateral kills)
  The ghost of drasked the Magician, a novice DEFE (D:5)
  Sigmund (D:4)
  Edmund (D:5)
  An ogre (D:5)
  A big kobold (Sewer)
  The ghost of anet the Magician, an amateur DEWz (Sewer)
  Blork the orc (D:5)
  2 killer bees (D:7)
  2 orc wizards
  A bullfrog skeleton (D:4)
  A hound (D:6)
  An iguana (D:5)
  6 worker ants
  6 adders
  2 adder skeletons
  2 worms
  A leopard gecko (D:3)
  7 orcs
  2 goblins (D:5)
  12 jackals
  A ball python (D:5)
  2 frilled lizards
  A rat (D:3)
56 creatures vanquished.

Vanquished Creatures (others)
  A rat (D:1)
1 creature vanquished.

Grand Total: 176 creatures vanquished

Notes
Turn   | Place    | Note
-------+----------+-------------------------------------------
     0 | D:1      | drasked the Spriggan Wizard began the quest for the Orb.
     0 | D:1      | Reached XP level 1. HP: 9/9 MP: 6/6
   112 | D:1      | Reached skill level 1 in Conjurations
   316 | D:1      | Reached XP level 2. HP: 13/13 MP: 4/8
   320 | D:1      | Learned a level 2 spell: Call Imp
   323 | D:1      | Learned a level 2 spell: Blink
   326 | D:1      | Learned a level 2 spell: Repel Missiles
   940 | D:1      | Reached XP level 3. HP: 16/16 MP: 2/10
   945 | D:1      | Learned a level 3 spell: Mephitic Cloud
  1692 | D:2      | Reached skill level 1 in Poison Magic
  1692 | D:2      | Reached XP level 4. HP: 21/21 MP: 3/11
  1857 | D:2      | Reached skill level 2 in Conjurations
  2630 | D:3      | Reached skill level 5 in Spellcasting
  2862 | D:3      | Reached skill level 1 in Air Magic
  3462 | D:4      | Reached XP level 5. HP: 15/24 MP: 2/13
  3569 | D:4      | Noticed a phantom
  3951 | D:4      | Killed a phantom
  3951 | D:4      | Reached skill level 1 in Summonings
  4170 | D:4      | Noticed Sigmund
  4185 | D:4      | Found a staircase to the Ecumenical Temple.
  4191 | Temple   | Entered the Ecumenical Temple
  4291 | Temple   | Became a worshipper of Vehumet
  4708 | D:4      | Killed Sigmund
  4708 | D:4      | Reached skill level 6 in Spellcasting
  4708 | D:4      | Reached XP level 6. HP: 28/28 MP: 8/16
  4803 | D:5      | Entered Level 5 of the Dungeon
  4807 | D:5      | Reached skill level 2 in Summonings
  5069 | D:5      | Reached skill level 3 in Conjurations
  5075 | D:5      | Found a sacrificial altar of Ru.
  5077 | D:5      | Noticed drasked's ghost (novice DEFE)
  5110 | D:5      | Killed drasked's ghost
  5178 | D:5      | Reached XP level 7. HP: 32/32 MP: 11/17
  5222 | D:5      | Noticed Grinder
  5326 | D:5      | Noticed Edmund
  5370 | D:5      | Noticed Menkaure
  5771 | D:5      | Noticed Blork the orc
  6034 | D:5      | Killed Blork the orc
  6034 | D:5      | Reached skill level 7 in Spellcasting
  6034 | D:5      | Reached skill level 3 in Summonings
  6498 | D:5      | Killed Edmund
  6498 | D:5      | Reached * piety under Vehumet
  6498 | D:5      | Offered knowledge of Sting by Vehumet.
  6498 | D:5      | Reached skill level 4 in Conjurations
  6572 | D:5      | Killed Grinder
  6572 | D:5      | Reached XP level 8. HP: 36/36 MP: 11/19
  7003 | D:6      | Found a glowing drain.
  7006 | D:6      | Reached skill level 5 in Conjurations
  7020 | Sewer    | Entered a sewer
  7020 | Sewer    | Noticed anet's ghost (amateur DEWz)
  7058 | Sewer    | Killed anet's ghost
  7411 | Sewer    | Noticed Purgy
  7440 | Sewer    | Killed Purgy
  7741 | D:6      | Reached skill level 6 in Conjurations
  7845 | D:6      | Found a shadowy altar of Dithmenos.
  7845 | D:6      | Found an opulent altar of Gozag.
  8241 | D:6      | Reached ** piety under Vehumet
  8241 | D:6      | Offered knowledge of Throw Flame by Vehumet.
  8451 | D:6      | Got a crude whip
  8454 | D:6      | Identified the cursed +2 whip of Courage {flame, Int+5} (You found it on level 6 of the Dungeon)
  8867 | D:7      | Reached skill level 7 in Conjurations
  8908 | D:7      | HP: 9/36 [ice beast (13)]
  9234 | D:7      | Reached XP level 9. HP: 39/39 MP: 7/20
  9659 | D:7      | Learned a level 2 spell: Throw Flame
  9719 | D:7      | HP: 9/39 [killer bee (6)]
  9723 | D:7      | HP: 4/39 [poisoned by a killer bee]
  9724 | D:7      | Succumbed to a killer bee's poison

Vault maps used:
D:1:      minmay_arrival_five_plusses
D:2:      first_bread, minivault_27
D:4:      minmay_temple_entry_enclosed_plants, grunt_ministairs_2, uniq_sigmund
D:5:      nicolae_ru_great_annihilating_truth, enter_ossuary_3, uniq_grinder,
          uniq_menkaure, uniq_edmund, uniq_blork_the_orc
D:6:      chequers_temple_overflow_statue_of_worship, gup_sewer_entry_pipe,
          kennysheep_generic_room_14
Temple:   zaba_magenta_temple
Sewer:    kennysheep_door_sewer

Skill      XL: |  1  2  3  4  5  6  7  8 |
---------------+-------------------------+-----
Conjurations   | 1 2 3 4 7 |  7.6
Poison Magic   | 1 |  1.7
Spellcasting   | 5 6 7 |  7.0
Air Magic      | 1 |  1.3
Summonings     | 1 2 3 |  3.0
Dodging        | |  3.0
Stealth        | |  3.0
Translocations | |  1.5

Action                   |  1- 3 |  4- 6 |  7- 9 || total
-------------------------+-------+-------+-------++-------
Melee: Unarmed           |    13 |       |       ||    13
       Dagger            |    14 |    10 |    35 ||    59
       Whip              |       |       |    14 ||    14
 Cast: Magic Dart        |    79 |    63 |   217 ||   359
       Repel Missiles    |     1 |       |     1 ||     2
       Call Imp          |     5 |    55 |    52 ||   112
       Mephitic Cloud    |       |     5 |    15 ||    20
       Blink             |       |     1 |     2 ||     3
       Throw Flame       |       |       |     7 ||     7
 Stab: Sleeping          |     1 |     3 |     5 ||     9
       Distracted        |       |       |     1 ||     1
       Confused          |       |       |     1 ||     1
  Eat: Bread ration      |       |     1 |       ||     1
Armor: Robe              |     6 |     2 |     4 ||    12
Dodge: Dodged            |    36 |    32 |    85 ||   153
       Deflected         |       |       |     2 ||     2

Vault maps used:
D:1:      minmay_arrival_five_plusses
D:2:      first_bread, minivault_27
D:4:      minmay_temple_entry_enclosed_plants, grunt_ministairs_2, uniq_sigmund
D:5:      nicolae_ru_great_annihilating_truth, enter_ossuary_3, uniq_grinder,
          uniq_menkaure, uniq_edmund, uniq_blork_the_orc
D:6:      chequers_temple_overflow_statue_of_worship, gup_sewer_entry_pipe,
          kennysheep_generic_room_14
Temple:   zaba_magenta_temple
Sewer:    kennysheep_door_sewer

Table legend:
 A = Turns spent in this place as a percentage of turns spent in the entire game.
 B = Non-inter-level travel turns spent in this place as a percentage of non-inter-level travel turns spent in the entire game.
 C = Inter-level travel turns spent in this place as a percentage of turns spent in this place.
 D = Turns resting spent in this place as a percentage of non-inter-level travel turns spent in this place.
 E = Turns spent auto-exploring this place as a percentage of non-inter-level travel turns spent in this place.
 F = Non-inter-level travel turns spent in this place divided by the number of levels of this place that you've seen.
                   A       B       C       D       E      F
               +-------+-------+-------+-------+-------+----------------------
         Total | 100.0 | 100.0 |   0.4 |   3.4 |   6.3 | 404.3
       Dungeon |  93.7 |  93.7 |   0.4 |   3.5 |   6.3 | 487.1
        Temple |   1.6 |   1.5 |   1.8 |   0.0 |  10.7 |  56.0
         Sewer |   4.7 |   4.8 |   0.0 |   2.3 |   4.0 | 173.0
               +-------+-------+-------+-------+-------+----------------------

Table legend:
 A = Kills in this place as a percentage of kills in entire the game.
 B = Kills by you in this place as a percentage of kills by you in the entire game.
 C = Kills by friends in this place as a percentage of kills by friends in the entire game.
 D = Other kills in this place as a percentage of other kills in the entire game.
 E = Experience gained in this place as a percentage of experience gained in the entire game.
 F = Experience gained in this place divided by the number of levels of this place that you have seen.
                   A       B       C       D       E      F
               +-------+-------+-------+-------+-------+----------------------
         Total | 100.0 | 100.0 | 100.0 | 100.0 | 100.0 | 340.2
       Dungeon |  96.0 |  96.5 |  96.4 |  80.0 |  91.8 | 401.6
         Sewer |   4.0 |   3.5 |   3.6 |  20.0 |   8.2 | 251.0
               +-------+-------+-------+-------+-------+----------------------
